 Dungeon Crawl Stone Soup version 0.30.0-29-ga12c61a403 (webtiles) character file.

Game seed: 18268833941826191505

742 BONEBRO the Skirmisher (level 7, -9/57 HPs)
             Began as a Minotaur Hunter on June 22, 2023.
             Was a Follower of Okawaru.
             Mangled by a two-headed ogre
             ... wielding a +0 giant spiked club
              (13 damage)
             ... on level 4 of the Dungeon.
             The game lasted 00:09:31 (3898 turns).

BONEBRO the Skirmisher (Minotaur Hunter)            Turns: 3898, Time: 00:09:32

Health: -9/57      AC:  7    Str: 16    XL:     7   Next: 47%
Magic:  6/6        EV: 10    Int: 12    God:    Okawaru [*.....]
Gold:   238        SH:  0    Dex: 15    Spells: 6/6 levels left

rFire   . . .        a - +0 shortbow
rCold   . . .        (shield currently unavailable)
rNeg    . . .        v - +0 scale mail
rPois   .            (helmet restricted)
rElec   .            (no cloak)
rCorr   .            r - +0 pair of gloves
SInv    .            (no boots)
Will    .....        A - amulet of regeneration Stlth
                     j - +6 ring of intelligence
HPRegen 1.09/turn    (no ring)
MPRegen 0.10/turn

%: no passive effects
@: no status effects
A: horns 2, retaliatory headbutt
a: Renounce Religion, Heroism


You were on level 4 of the Dungeon.
You worshipped Okawaru.
Okawaru was aware of your devotion.
You visited 2 branches of the dungeon, and saw 6 of its levels.

You collected 238 gold pieces.

Inventory:

Hand Weapons
 a - a +0 shortbow (weapon)
 s - a +0 great sword
Armour
 c - a +0 leather armour
 o - a +0 ring mail
 r - a +0 pair of gloves (worn)
 v - a +0 scale mail (worn)
Jewellery
 j - a +6 ring of intelligence (left hand)
 A - an amulet of regeneration (around neck)
 B - the ring "Asetidua" {Fire +Blink}
   (You found it on level 4 of the Dungeon)

   [ring of fire]

   It enhances your fire magic.
   rF:        It protects you from fire.
   rC:        It makes you vulnerable to cold.
   +Blink:    It lets you blink.
Scrolls
 b - 2 scrolls of immolation
 d - 4 scrolls of poison {unknown}
 e - 2 scrolls of noise {unknown}
 h - 2 scrolls of vulnerability {unknown}
 i - 3 scrolls of teleportation {unknown}
 p - a scroll of enchant weapon {unknown}
 q - a scroll of amnesia {unknown}
 w - a scroll of fog {unknown}
 y - a scroll of fear {unknown}
 C - 2 scrolls of identify {unknown}
Potions
 f - 2 potions of flight {unknown}
 g - 2 potions of resistance {unknown}
 k - 2 potions of attraction {unknown}
 l - a potion of heal wounds {unknown}
 m - a potion of might {unknown}
 n - 2 potions of curing {unknown}
 t - a potion of ambrosia {unknown}
 u - 2 potions of brilliance {unknown}
 x - a potion of haste {unknown}
 z - a potion of lignification {unknown}


   Skills:
 + Level 3.2 Fighting
 - Level 10.0 Ranged Weapons
 - Level 2.1 Dodging
 - Level 0.7 Stealth


You had 6 spell levels left.
You didn't know any spells.
Your spell library contained the following spells:

 Spells                   Type           Power      Damage    Failure   Level
 Ozocubu's Armour         Ice            0%         N/A       98%         3
 Ozocubu's Refrigeration  Ice            0%         4d7       100%        7


Dungeon Overview and Level Annotations

Branches:
Dungeon (5/15)             Temple (1/1) D:4

Altars:
Ashenzari
Dithmenos
Elyvilon
Fedhas
Gozag
Kikubaaqudgha
Okawaru
Ru
Trog
Vehumet
Xom
Yredelemnul
The Shining One
Lugonu


Innate Abilities, Weirdness & Mutations

You have a pair of horns on your head.
You reflexively headbutt those who attack you in melee.


Message History

Training target 10.0 for Ranged Weapons reached!
Your Ranged Weapons skill increases to level 10!
You need to enable at least one skill for training.
Your Fighting skill increases to level 3!
You start resting.
HP restored.
You climb downwards.
The two-headed ogre hits you with a +0 giant spiked club!!
The two-headed ogre hits you with a +0 giant club!
There is a stone staircase leading up, spattered with blood here.
You climb upwards.
There is a stone staircase leading down, spattered with blood here.
The two-headed ogre attacks as you move away!
The two-headed ogre barely misses you. You furiously retaliate!
You headbutt the two-headed ogre.
The two-headed ogre hits you with a +0 giant club!
You see here a black bear corpse.
The two-headed ogre attacks as you move away!
The two-headed ogre hits you with a +0 giant spiked club!
* * * LOW HITPOINT WARNING * * *
The two-headed ogre closely misses you.
There is an open door here.
There is a stone staircase leading up here.
There is a staircase to the Ecumenical Temple here.
You climb downwards.
Welcome back to the Ecumenical Temple!
There is a staircase back to the Dungeon here.
You start resting.
HP restored.
You climb upwards.
Welcome back to the Dungeon!
The two-headed ogre hits you with a +0 giant spiked club!
The two-headed ogre hits you with a +0 giant club!
There is a staircase to the Ecumenical Temple, spattered with blood here.
The two-headed ogre attacks as you move away!
The two-headed ogre misses you.
The two-headed ogre hits you with a +0 giant club!
The two-headed ogre attacks as you move away!
The two-headed ogre hits you with a +0 giant spiked club!!
* * * LOW HITPOINT WARNING * * *
The two-headed ogre hits you with a +0 giant club!
You die...

#.....# #...#####...###>#.......
#.....# #...#...'...'...#...#.#.
#.....# #...#.###...#####.#...#.
#.....####[..#.###...#####.#...#.
'.....'..............'.....[.#.#.
#.....###............#####.#.#..>
#.....# #............## #.#...#†
#.....# #.............# #.###.#.
####### #.....##@..##.# #.......
#.....##O..##.########...
#..................<.'...
#########........>.....####.##...
.......#..............#......+...
######.#......##...##.#.######...
#.#......##...##............
#.#.####..........#######.##
#.#.# ###.######## #.#


You could see a two-headed ogre.

Vanquished Creatures
  A dream sheep (D:4)
  Sigmund (D:4)
  Menkaure (D:4)
  A black bear (D:4)
  A scorpion (D:4)
  A crimson imp (D:3)
  A jelly (D:4)
  Terence (D:3)
  An orc wizard (D:4)
  8 adders
  A worm (D:2)
  A dart slug (D:1)
  7 orcs
  8 ball pythons
  3 endoplasms
  2 giant cockroaches
  6 goblins
  5 hobgoblins
  2 jackals (D:1)
  7 kobolds
  A quokka (D:2)
  9 bats
  3 frilled lizards
  4 goblin skeletons (D:3)
  A goblin zombie (D:3)
  2 kobold skeletons (D:3)
  2 kobold zombies (D:3)
  3 rats
84 creatures vanquished.

Vanquished Creatures (others)
  4 dream sheep (D:4)
4 creatures vanquished.

Grand Total: 88 creatures vanquished

Notes
Turn   | Place    | Note
-------+----------+-------------------------------------------
     0 | D:1      | BONEBRO the Minotaur Hunter began the quest for the Orb.
     0 | D:1      | Reached XP level 1. HP: 18/18 MP: 0/0
   114 | D:1      | Reached XP level 2. HP: 25/25 MP: 1/1
   202 | D:1      | Reached skill level 5 in Ranged Weapons
  1315 | D:2      | Reached XP level 3. HP: 30/30 MP: 2/2
  1967 | D:3      | Reached skill level 6 in Ranged Weapons
  1986 | D:3      | Found a glowing golden altar of the Shining One.
  1996 | D:3      | Reached XP level 4. HP: 35/37 MP: 3/3
  2055 | D:3      | Found a broken altar of Ashenzari.
  2059 | D:3      | Saw a vision of the Shoals and the Snake Pit.
  2059 | D:3      | Noticed a naga mage
  2059 | D:3      | Noticed a merfolk
  2059 | D:3      | Noticed a black mamba
  2059 | D:3      | Noticed a naga
  2059 | D:3      | Noticed a wind drake
  2059 | D:3      | Noticed a naga mage
  2059 | D:3      | Noticed a naga ritualist
  2059 | D:3      | Noticed a merfolk
  2059 | D:3      | Noticed a merfolk impaler
  2059 | D:3      | Noticed a merfolk
  2059 | D:3      | Noticed a black mamba
  2059 | D:3      | Noticed a black mamba
  2059 | D:3      | Noticed a sea snake
  2060 | D:3      | Noticed a naga sharpshooter
  2064 | D:3      | Noticed a naga
  2309 | D:3      | Noticed Terence
  2317 | D:3      | Killed Terence
  2318 | D:3      | Reached skill level 7 in Ranged Weapons
  2318 | D:3      | Reached XP level 5. HP: 40/42 MP: 4/4
  2592 | D:3      | Found a sacrificial altar of Ru.
  2774 | D:4      | Noticed a dream sheep
  2774 | D:4      | Noticed a dream sheep
  2774 | D:4      | Noticed a dream sheep
  2774 | D:4      | Noticed a dream sheep
  2774 | D:4      | Noticed a dream sheep
  2774 | D:4      | Found a shimmering altar of Xom.
  2775 | D:4      | Killed a dream sheep
  2777 | D:4      | Killed a dream sheep
  2778 | D:4      | Reached skill level 8 in Ranged Weapons
  2778 | D:4      | Reached XP level 6. HP: 50/50 MP: 5/5
  2778 | D:4      | Killed a dream sheep
  2778 | D:4      | Killed a dream sheep
  2778 | D:4      | Killed a dream sheep
  2820 | D:4      | Found a staircase to the Ecumenical Temple.
  2881 | D:4      | Noticed Sigmund
  2920 | Temple   | Entered the Ecumenical Temple
  3066 | Temple   | Became a worshipper of Warmaster Okawaru
  3179 | D:4      | Killed Sigmund
  3180 | D:4      | Reached skill level 9 in Ranged Weapons
  3267 | D:4      | Noticed Menkaure
  3274 | D:4      | Killed Menkaure
  3275 | D:4      | Reached XP level 7. HP: 18/56 MP: 6/6
  3326 | D:4      | Identified the ring "Asetidua" {Fire +Blink}
  3738 | D:5      | Entered Level 5 of the Dungeon
  3764 | D:5      | Noticed a two-headed ogre
  3820 | D:4      | Reached * piety under Okawaru
  3821 | D:4      | Reached skill level 10 in Ranged Weapons
  3898 | D:4      | Mangled by a two-headed ogre

Illustrated notes

Levels and vault maps discovered:
D:1:      lightli_arrival_boilingwater, layout_basic
D:2:      layout_basic, minmay_bisected
D:3:      layout_loops_cross, nicolae_tso_besieged_by_evil,
          nicolae_ru_the_path_less_chosen, grunt_ashenzari_visionary
          [grunt_ashenzari_visionary_shoals, grunt_ashenzari_visionary_snake],
          uniq_terence
D:4:      layout_basic, kb_xom_exploding_sheep,
          minmay_temple_entry_stoned_glass, uniq_sigmund, uniq_menkaure
D:5:      layout_loops_ring, nicolae_overflow_hidden_temple,
          makhleb_blood_cavern_becter
Temple:   kb_corrupted_temple

Skill      XL: |  1  2  3  4  5  6  7 |
---------------+----------------------+-----
Ranged Weapons | 5 6 7 8 9 10 | 10.0
Fighting       | 3 |  3.2
Dodging        | |  2.1
Stealth        | |  0.7

Action                     |  1- 3 |  4- 6 |  7- 9 || total
---------------------------+-------+-------+-------++-------
   Fire: Shortbow          |    98 |   135 |    28 ||   261
 Armour: Leather armour    |     6 |       |       ||     6
         Ring mail         |     9 |    14 |       ||    23
         Scale mail        |       |    17 |    20 ||    37
  Dodge: Dodged            |    22 |    44 |    26 ||    92
